Cogmind - Beta 9.2 @@@ ROGUE MODE // 2019.11.24 @ 20:08:54 Player: Nalzok Result: Destroyed by Y-45 Defender with Beam Rifle Performance ------------- Evolutions (1) 500 Regions Visited (3) 600 Robots Destroyed (15) 75 Value Destroyed (443) 443 Prototype IDs (0) 0 Alien Tech Used (0) 0 Bonus (7) 7 TOTAL SCORE: 1625 Bonus ------- Follower Combat Kills 7 Cogmind --------- Core Integrity 0/400 Matter 265/300 Energy 92/265 System Corruption 0% Temperature Cool (9) Movement Core (200) Ox3 Location -9/Materials Parts ------- > --- POWER (1) -------- Improved Ion Engine > --- PROPULSION (2) --- (None) > --- UTILITY (4) ------ Small Storage Unit Improved Signal Interpreter > --- WEAPON (2) ------- (None) > --- INVENTORY (6) ---- Light Ion Engine Aluminum Leg Aluminum Leg Aluminum Leg Mining Laser Peak State ------------ > --- POWER ------------ Light Ion Engine > --- PROPULSION ------- Aluminum Leg Aluminum Leg > --- UTILITY ---------- Heat Sink Small Storage Unit Structural Scanner Improved Signal Interpreter > --- WEAPON ----------- Small Laser Assault Rifle > --- INVENTORY -------- Light Ion Engine Aluminum Leg Aluminum Leg Aluminum Leg Beam Cannon Mining Laser [Rating: 10] Favorites ----------- Power Light Ion Engine Engine Light Ion Engine Propulsion Aluminum Leg Leg Aluminum Leg Utility Small Storage Unit Device Heat Sink Storage Small Storage Unit Processor Improved Signal Interpreter Protection Light Armor Plating Weapon Small Laser Energy Gun Small Laser Energy Cannon Beam Cannon Ballistic Gun Assault Rifle Launcher Grenade Launcher Build | -11 -10 -10 -9 ------- Run | Scr Mat Min Mat Slots Evolved 2 | . . . 2 Power . | . . . . Propulsion . | . . . . Utility 2 | . . . 2 Weapon . | . . . . Parts Attached 19 | . 6 3 10 Power 4 | . 1 2 1 Engine 4 | . 1 2 1 Core . | . . . . Reactor . | . . . . Propulsion 2 | . 2 . . Treads . | . . . . Leg 2 | . 2 . . Wheel . | . . . . Hover . | . . . . Flight . | . . . . Utility 4 | . 1 . 3 Device 2 | . 1 . 1 Storage . | . . . . Processor 1 | . . . 1 Hackware . | . . . . Protection 1 | . . . 1 Artifact . | . . . . Weapon 9 | . 2 1 6 Energy Gun 2 | . 2 . . Energy Cannon 1 | . . . 1 Ballistic Gun 5 | . . 1 4 Ballistic Cannon . | . . . . Launcher 1 | . . . 1 Special Weapon . | . . . . Impact Weapon . | . . . . Slashing Weapon . | . . . . Piercing Weapon . | . . . . Special Melee Weapon . | . . . . Unidentified Prototypes . | . . . . Parts Lost 14 | . 2 . 12 Power 1 | . . . 1 Propulsion 2 | . . . 2 Utility 3 | . . . 3 Weapon 8 | . 2 . 6 Highest Loss Streak 12 | . 2 . 12 Average Slot Usage (%) 90 | . 85 100 85 Engine 12 | . 14 14 8 Leg 24 | . 28 28 18 Device 12 | . 2 14 17 Storage 12 | . 14 14 11 Processor 3 | . . . 8 Energy Gun 9 | . 11 14 4 Energy Cannon 1 | . . . 5 Ballistic Gun 12 | . 14 14 10 Naked Turns . | . . . . Heaviest Build 14 | 9 12 13 14 Greatest Support 20 | 20 20 20 20 Greatest Overweight (x) 2 | . . . 2 Average Overweight (x) . | . . . . Largest Inventory Capacity 6 | 6 6 6 6 Average Capacity 6 | 6 6 6 6 Most Carried 6 | 5 6 6 6 Average Carried 5 | 3 4 5 5 Final Capacity 6 | 6 6 6 6 Final Carried 6 | 2 6 6 5 Class Distribution -------------------- 63% | Scavenger-Mutant 36% | Mutant Dominant Class ---------------- Mutant | -10/Materials Scavenger-Mutant | -10/Mines Scavenger-Mutant | -9/Materials Resources | -11 -10 -10 -9 ----------- Run | Scr Mat Min Mat Matter Collected 410 | 200 76 49 85 Remotely . | . . . . Salvage Created 503 | . 277 32 194 Parts 32 | . 15 4 13 Haulers Intercepted . | . . . . Recyclers Shooed . | . . . . Parts Field Recycled . | . . . . Retrieved Matter . | . . . . Parts Self-Destructed . | . . . . Prevented . | . . . . Kills | -11 -10 -10 -9 ------- Run | Scr Mat Min Mat Combat Hostiles Destroyed 14 | . 6 2 6 Guns 10 | . 6 2 2 Cannons 3 | . . . 3 AOE 1 | . . . 1 Classes Destroyed 4 | . 1 1 2 Builder 1 | . . . 1 Swarmer 4 | . . 2 2 Grunt 8 | . 6 . 2 Sentry 2 | . . . 2 Best Kill Streak 7 | . 4 2 7 Combat Bots Only 6 | . 4 2 6 Max Kills in Single Turn 2 | . 1 1 2 Gunslinging . | . . . . Exploded 1 | . . . 1 Melee . | . . . . Uniques/NPCs Destroyed . | . . . . Combat | -11 -10 -10 -9 -------- Run | Scr Mat Min Mat Damage Taken 1663 | . 321 103 1239 Core 474 | . 56 16 402 Absorbed by Shields . | . . . . Core Remaining (%) 85 | 100 . 71 . Volleys Fired 46 | . 23 7 16 Largest 2 | . 2 2 2 Hottest 90 | . 70 60 90 Shots Fired 86 | . 44 14 28 Gun 73 | . 44 14 15 Cannon 8 | . . . 8 Launcher 5 | . . . 5 Special . | . . . . Kinetic 44 | . 23 7 14 Thermal 37 | . 21 7 9 Explosive 5 | . . . 5 Electromagnetic . | . . . . Robot Hit Streak 9 | . 9 3 8 Robot Miss Streak 2 | . 2 2 2 Penetration Max . | . . . . Secondary Targets 1 | . . . 1 Max Gunslinging Chain 1 | . . . 1 Shots Hit Robots 55 | . 31 8 16 Core Hits 30 | . 15 2 13 Critical Hits . | . . . . Critical Kills . | . . . . Critical Parts Destroyed . | . . . . Melee Attacks . | . . . . Impact . | . . . . Slashing . | . . . . Piercing . | . . . . Sneak Attacks . | . . . . Combat Hostiles . | . . . . Follow-up Attacks . | . . . . Damage Inflicted 856 | . 308 65 483 Guns 483 | . 308 65 110 Cannons 123 | . . . 123 Explosions 250 | . . . 250 Melee . | . . . . Ramming . | . . . . Kinetic 252 | . 121 21 110 Thermal 354 | . 187 44 123 Explosive 250 | . . . 250 Electromagnetic . | . . . . Impact . | . . . . Slashing . | . . . . Piercing . | . . . . Highest Corruption . | . . . . Average Corruption . | . . . . Corruption Purged . | . . . . Overload Shots . | . . . . Overflow Damage 5 | . . . 5 Projectiles . | . . . . Explosions 5 | . . . 5 Melee . | . . . . Knockbacks . | . . . . Impact . | . . . . Kinetic . | . . . . Secondary . | . . . . Self-Inflicted Damage 56 | . . . 56 Shots 2 | . . . 2 Rammed . | . . . . Targets Rammed . | . . . . Kicked . | . . . . Crushed . | . . . . Highest Temperature 162 | . 162 . 22 Average Temperature 47 | . 57 . 6 Received Heat Transfer 705 | . 192 . 513 Siege Activations . | . . . . Robots Corrupted . | . . . . Combat Hostiles . | . . . . Parts Fried . | . . . . Impact Corruptions . | . . . . Robots Melted . | . . . . Combat Hostiles . | . . . . Parts Melted . | . . . . Heat Transferred 831 | . 472 100 259 Parts Sabotaged . | . . . . Parts Stolen . | . . . . Parts Stripped . | . . . . Power Chain Reactions . | . . . . Missiles Intercepted . | . . . . Alert | -11 -10 -10 -9 ------- Run | Scr Mat Min Mat Peak Influence 193 | . 155 149 193 Average Influence 85 | . 92 78 87 Maximum Alert Level . | . . . . Low Security (%) 100 | 100 100 100 100 Level 1 . | . . . . Level 2 . | . . . . Level 3 . | . . . . Level 4 . | . . . . Level 5 . | . . . . High Security . | . . . . Max Security . | . . . . Squads Dispatched 3 | . 3 . . Investigation 1 | . 1 . . Extermination . | . . . . Reinforcement 2 | . 2 . . Assault . | . . . . Garrison . | . . . . Intercept . | . . . . Construction Impeded . | . . . . Haulers Reinforced . | . . . . Stealth | -11 -10 -10 -9 --------- Run | Scr Mat Min Mat Distress Signals . | . . . . Communications Jammed . | . . . . Distress Signals . | . . . . Times Spotted 26 | . 8 3 15 Peak Tracking Total 8 | . 2 3 8 Tactical Retreats 2 | . . . 2 Traps | -11 -10 -10 -9 ------- Run | Scr Mat Min Mat Traps Triggered 1 | . 1 . . Indirectly . | . . . . Trap Hack Attempts . | . . . . Triggered . | . . . . Disarmed . | . . . . Reprogrammed . | . . . . Reused . | . . . . Traps Extracted . | . . . . Installed . | . . . . Triggered . | . . . . Machines | -11 -10 -10 -9 ---------- Run | Scr Mat Min Mat Machines Disabled 1 | . . 1 . Max in Single Turn . | . . . . Machines Sabotaged . | . . . . Garrisons Compromised . | . . . . Overloaded Fab Kills . | . . . . Fab Network Shutdowns . | . . . . Hacking | -11 -10 -10 -9 --------- Run | Scr Mat Min Mat Machines Accessed 2 | . . . 2 Terminals 2 | . . . 2 Fabricators . | . . . . Repair Stations . | . . . . Recycling Units . | . . . . Scanalyzers . | . . . . Garrison Access . | . . . . Total Hacks 2 | . . . 2 Successful 1 | . . . 1 Failed 1 | . . . 1 Catastrophic . | . . . . Database Lockouts . | . . . . Manual . | . . . . Terminals 2 | . . . 2 Fabricators . | . . . . Repair Stations . | . . . . Recycling Units . | . . . . Scanalyzers . | . . . . Garrison Access . | . . . . Terminal Hacks 1 | . . . 1 Branch Access Points 1 | . . . 1 Fabricator Hacks . | . . . . Repair Station Hacks . | . . . . Recycling Unit Hacks . | . . . . Scanalyzer . | . . . . Garrison Access Hacks . | . . . . Unauthorized Hacks . | . . . . Terminals . | . . . . Fabricators . | . . . . Repair Stations . | . . . . Recycling Units . | . . . . Scanalyzers . | . . . . Garrison Access . | . . . . Data Cores Recovered . | . . . . Used . | . . . . Hacking Detections 2 | . . . 2 Full Trace Events . | . . . . Feedback Events . | . . . . Feedback Blocked . | . . . . Robot Schematics Acquired . | . . . . Robots Built . | . . . . Matter . | . . . . Time . | . . . . Total Robot Build Rating . | . . . . Part Schematics Acquired . | . . . . Parts Built . | . . . . Matter . | . . . . Time . | . . . . Total Part Build Rating . | . . . . Parts Repaired . | . . . . Time . | . . . . Parts Recycled . | . . . . Recycled Matter . | . . . . Retrieved Matter . | . . . . Retrieved Components . | . . . . Parts Scanalyzed . | . . . . Part Schematics Acquired . | . . . . Parts Damaged . | . . . . Bothacking | -11 -10 -10 -9 ------------ Run | Scr Mat Min Mat Used RIF Installer . | . . . . Robots Hacked . | . . . . Non-combat . | . . . . Combat . | . . . . Robot Hacks Applied . | . . . . Relay Couplers Released . | . . . . Robots Rewired . | . . . . Allies Hacked . | . . . . Hacks Repelled . | . . . . Allies | -11 -10 -10 -9 -------- Run | Scr Mat Min Mat Total Allies 1 | . . 1 . Largest Group 1 | . . 1 1 Highest-Rated Group 31 | . . 31 31 Highest-Rated Ally 31 | . . 31 31 Total Orders . | . . . . Ally Attacks 3 | . . 3 . Total Damage 41 | . . 41 . Kills 1 | . . 1 . Allies Corrupted . | . . . . Allies Melted . | . . . . Intel | -11 -10 -10 -9 ------- Run | Scr Mat Min Mat Robot Analysis Total . | . . . . Derelict Logs Recovered . | . . . . Drone Launches . | . . . . Drone Recoveries . | . . . . Exploration | -11 -10 -10 -9 ------------- Run | Scr Mat Min Mat Turns Passed 671 | 3 194 241 233 Spaces Moved 424 | 1 99 179 145 Core 8 | . . . 8 Treads . | . . . . Legs 416 | 1 99 179 137 Wheels . | . . . . Hover . | . . . . Flight . | . . . . Fastest Speed 100 | 120 120 120 100 Average Speed 120 | 120 120 120 120 Slowest Speed 150 | 120 120 120 150 Overloaded Moves . | . . . . Propulsion Burnouts . | . . . . Robots Hopped . | . . . . Cave-ins Triggered . | . . . . Exploration Rate (%) 17 | 2 18 33 16 Regions Visited 3 Branch Regions 1 Pre-discovered Areas . | . . . . Known Exits Taken . | . . . . Unknown Exits Taken 3 | 1 1 1 . Scrap Searched 1 | . . 1 . Spaces Dug . | . . . . Terrain Destroyed 35 | . . . 35 Melee . | . . . . Projectile . | . . . . AOE 35 | . . . 35 Actions | -11 -10 -10 -9 --------- Run | Scr Mat Min Mat Total 503 | 4 133 193 173 Wait 2 | . 2 . . Move 421 | . 98 178 145 Hop . | . . . . Pick Up 5 | . 3 1 1 Fast Attach 9 | . 2 . 7 Attach 2 | . 1 . 1 Detach . | . . . . Swap 8 | . 3 3 2 Drop 10 | 4 1 4 1 Fire 46 | . 23 7 16 Melee . | . . . . Ram . | . . . . Kick . | . . . . Crush . | . . . . Escape Stasis . | . . . . Rewire . | . . . . Trap . | . . . . Miscellaneous . | . . . . Route ------- -11/Scrapyard -10/Materials -10/Mines (discovered 2 exits: *Mat x2) -9/Materials (discovered 1 exit: Min) History --------- Turn | Location | Event 4 | -11/Scrapyard | Discovered new exit (range 0) 4 | -11/Scrapyard | Entered Materials 59 | -10/Materials | Discovered new exit (range 15) 198 | -10/Materials | Entered Mines 265 | -10/Mines | Received a Mining Laser from a helpful Derelict 353 | -10/Mines | Discovered new exit (range 12) 369 | -10/Mines | Discovered new exit (range 12) 439 | -10/Mines | Entered Materials 439 | -9/Materials | Accompanied by 1 ally 439 | -9/Materials | Evolved 2 slots: Utility x2 443 | -9/Materials | Build established: Scavenger-Mutant 552 | -9/Materials | Identified exit to Mines 651 | -9/Materials | Core integrity fell below 50% 670 | -9/Materials | Core integrity fell below 20% 672 | -9/Materials | Destroyed by Y-45 Defender with Beam Rifle Last Messages --------------- 00641_ Acquired Lgt. Assault Rifle. 00642_ U-05 Engineer lays Concrete. 00643_ Heat Sink destroyed. 00643_ U-05 Engineer lays Concrete. 00644_ U-05 Engineer destroyed. 00644_ Acquired Lgt. Assault Rifle. 00646_ The unstable cave ceiling collapses. 00648_ G-34 Mercenary destroyed. 00648_ Switching to secondary target: Y-45 Defender. 00651_ Door malfunctions. 00652_ Lgt. Assault Rifle destroyed. 00655_ Acquired 56 matter. 00657_ Acquired Lgt. Armor Plating. 00658_ Acquired 29 matter. 00661_ Acquired Hvy. Assault Rifle. 00663_ Lgt. Armor Plating destroyed. 00663_ Structural Scanner destroyed. 00664_ The unstable cave ceiling collapses. 00669_ Hvy. Assault Rifle destroyed. 00671_ Acquired Imp. Ion Engine. Map ----- +----------------------------------------------------+ | ?????????????????????????????????????????????????? | | ????????????###########??????????????????????????? | | ????????????# #??????????????????????????? | | ????????????# #??????????????????????????? | | ????????????# #??????????????????????????? | | ????????????# #??????????????????????????? | | ????????????#== #??????????????????????????? | | ????????????#=! #??????????????????????????? | | ????????????? ???????????????????????????? | | ??????????????? ?????????????????????????????? | | ???????????######+######## ??????????????????? | | ???????????# ?????????????????? | | ???????????# ?????????????????? | | ???????????# ?????????????????? | | ???????????### #######+######+#??????????????????? | | ?????????????# #?????????????????????????????????? | | ?????????????# #?????????????????????????????????? | | ?????????????# #?????????????????????????????????? | | ?????????????# #?????????????????????????????????? | | ?????????????# #?????????????????????????????????? | | ##########???# #?????????????????????????????????? | | # #???# #????#+???????????????????????????? | | # """ #???# #????# ???????????????????????????? | | # """ ##### #??### ?????????????? #???????????? | | # """ # #??# ######?????? #???????????? | | # # #?## # @= ###### #???????????? | | # """ # #### [!!| k #???????????? | | # """ + ## % ! #???????????? | | # """ ! # ## %% ! #???????????? | | # # ### ##YgY ## #???????????? | | #####+#### #?## #? g%!g #?? #???????????? | | ????# #?# #### ??# % #? #???????????? | | ????# #?# #??# #??# [%/ ####????????? | | ????# #?# #??# #?? # ?????????? | | ????# #?# #??# #??# # ##??????????? | | ????# #?# #??# #??# / #???????????? | | ????# #?# #??# #??#########/##???????????? | | ????# #?# #??# #?????????????????????????? | | ##### #?### ###??# #?????????????????????????? | | !# #???# #????# #?????????????????????????? | | "" # #???# #????# #?????????????????????????? | | "" # #???# #????# #?????????????????????????? | | "" # #??## ##?### #?????????????????????????? | | # #### #?# ############+##???????????? | | "" # " ### ????????? | | "" + "T ?????>??? | | "" # ### ????????? | | [ ###+## #?# ##### ##???????????? | | "" ## ### ###?#######????? #????????????? | | "" ## !#?# #???????????????? +????????????? | +----------------------------------------------------+ Best States ------------- Heat Dissipation 38 Energy Generation 10 Energy Capacity 250 Matter Stores 300 Matter Capacity 300 Sight Range 16 Terrain Scan Density 10 Armor Coverage 150 Evasion (%) 40 Item Schematics ----------------- None Robot Schematics ------------------ None Fabricated ------------ Nothing Alien Tech Used ----------------- None Achievements -------------- None Challenges ------------ None Game ------ Seed ProtonLauncherFrame Manual? 0 Play Time 00:07:10 Cumulative 183.7 hours Start 2019.11.24 @ 20:03:51 End 2019.11.24 @ 20:08:54 Sessions 1 Manual Loads 0 Difficulty Rogue Special Mode None Game No. 301 Rogue 301 Adventurer 0 Explorer 0 Win Type - Total 0 Types 0/0/0/0/0/0/0 Lore% 58 Gallery% 73 Achievement% 44 Wizard Run 0 Options --------- ASCII 1 Keyboard 1 Movement Vi Keybinds 0 Fullscreen 1 Font 14/Cog Map View 72x52 Tactical HUD 1 Map Filters NONE Filters LOW_CONTRAST(13,24,33) Steam 0 RUN: 25513c46-7fba-488f-b820-4d595749fe15